Map: Lerilak Crest

Players

Starklok

  • Race: Terran Terran
  • League: Platinum

LilDicky - Winner!

  • Race: Protoss Protoss
  • League: Diamond

VOD

http://www.twitch.tv/tumescentpie

Description

Time

  • Played on: Jan. 4, 2016, 1:12 a.m.
  • Length: 5:08
Show
View Real Time Build Order
Export as new Build Order

Starklok Terran 

Build Orders:  

Get SALT Encoding   

  12  0:01  SCV  
  13  0:14  SCV  
  14  0:26  SCV  
  15  0:34  Supply Depot  
  15  0:56  SCV, Barracks  
  16  1:00  Refinery  
  16  1:05  Barracks  
  16  1:12  SCV  
  17  1:33  SCV  
  18  1:44  Supply Depot  
  18  1:56  Reaper  
  18  1:57  Marine  
  20  2:09  Barracks  
  20  2:10  Barracks  
  20  2:15  Marine  
  21  2:22  Orbital Command  
  21  2:28  Reaper  
  22  2:34  Marine  
  23  2:57  Marine  
  23  2:58  Marine  
  25  3:00  Reaper  
  26  3:05  Bunker  
  26  3:06  Marine  
  26  3:11  SCV  
  28  3:14  Supply Depot  
  28  3:15  Marine  
  29  3:33  Reaper  
  30  3:46  Marine  
  31  3:50  Command Center  
  31  3:54  Barracks Reactor, Barracks Tech Lab  
  31  3:58  Refinery  
  31  3:59  SCV  
  32  4:07  Marine  
  32  4:09  Reaper  
  34  4:11  SCV  
  35  4:29  Barracks  
  35  4:31  Barracks  
  35  4:33  SCV  
  35  4:35  Factory  
  35  4:39  Marine  
  35  4:40  Marine  
  37  4:49  Marine x2  
Show
View Real Time Build Order
Export as new Build Order

LilDicky Protoss - Winner!

Build Orders: Mass Adepts 

Get SALT Encoding   

  12  0:02  Probe (Chrono Boost)  
  13  0:13  Probe (Chrono Boost)  
  14  0:22  Pylon  
  14  0:26  Probe (Chrono Boost)  
  15  0:37  Assimilator  
  15  0:42  Gateway  
  15  0:44  Probe (Chrono Boost)  
  16  0:55  Probe (Chrono Boost)  
  17  1:06  Probe (Chrono Boost)  
  18  1:18  Pylon  
  18  1:28  Probe (Chrono Boost)  
  18  1:37  Cybernetics Core  
  18  1:39  Probe (Chrono Boost)  
  19  1:50  Probe (Chrono Boost)  
  20  2:05  Assimilator  
  20  2:11  Gateway  
  20  2:12  Gateway  
  20  2:13  Warp Gate (Chrono Boost)  
  20  2:15  Gateway  
  20  2:18  Mothership Core (Chrono Boost)  
  22  2:27  Adept  
  24  2:43  Pylon  
  24  3:04  Adept x3  
  24  3:05  Adept  
  32  3:20  Pylon  
  32  3:26  Pylon  
  32  3:28  Pylon  
  31  3:42  Robotics Facility  
  31  3:48  Pylon  
  31  4:05  Adept  
  31  4:07  Adept  
  31  4:08  Adept  
  36  4:31  Warp Prism (Chrono Boost)  
  36  4:35  Adept  
  36  4:36  Adept  
Tags
 
Add a new tag
Caveats
  • Supply blocks, unpowered buildings, or Contaminate may cause inaccurate times.
  • Supply counts are checked every 10 seconds.